 Dungeon Crawl Stone Soup version 0.31-a0-208-gdb31a4691d (webtiles) character file.

Game seed: 12865803169884582962

90 kiwi3s the Trooper (level 4, -1/41 HPs)
             Began as a Minotaur Berserker on June 28, 2023.
             Was a Believer of Trog.
             Succumbed to Sigmund's poison
             ... on level 3 of the Dungeon.
             The game lasted 00:02:06 (1584 turns).

kiwi3s the Trooper (Minotaur Berserker)             Turns: 1584, Time: 00:02:07

Health: -1/41      AC:  8    Str: 23    XL:     4   Next: 32%
Magic:  3/3        EV: 10    Int:  4    God:    Trog [**....]
Gold:   121        SH:  0    Dex: 10    Spells: 3/3 levels left

rFire   . . .        a - +0 hand axe
rCold   . . .        (no shield)
rNeg    . . .        g - +0 scale mail
rPois   .            (helmet restricted)
rElec   .            m - +0 cloak
rCorr   .            (no gloves)
SInv    .            (no boots)
Will    .....        (no amulet) Stlth
                     (no ring)
HPRegen 0.26/turn    (no ring)
MPRegen 0.08/turn

%: no passive effects
@: confused, lethally poisoned (-1 -> -22)
A: horns 2, retaliatory headbutt
a: Renounce Religion, Berserk, Trog's Hand


You were on level 3 of the Dungeon.
You worshipped Trog.
Trog was pleased with you.
You visited 1 branch of the dungeon, and saw 3 of its levels.

You collected 121 gold pieces.

Inventory:

Hand Weapons
 a - a +0 hand axe (weapon)
Armour
 b - a +0 animal skin
 g - a +0 scale mail (worn)
 m - a +0 cloak (worn)
Jewellery
 h - an amulet of magic regeneration
Wands
 p - a wand of paralysis (5)
Scrolls
 e - a scroll of noise {unknown}
 f - 2 scrolls of identify {unknown}
 n - a scroll of silence {unknown}
 o - a scroll of teleportation {unknown}
Potions
 c - a potion of berserk rage {unknown}
 d - a potion of degeneration {unknown}
 i - a potion of enlightenment {unknown}
 j - a potion of might {unknown}
 k - a potion of mutation {unknown}
 l - a potion of brilliance {unknown}


   Skills:
 + Level 4.4 Fighting
 + Level 4.4 Axes
 + Level 3.5 Armour
 + Level 3.1 Dodging


You had 3 spell levels left.
You didn't know any spells.
Your spell library was empty.

Dungeon Overview and Level Annotations

Branches:
Dungeon (3/15)

Altars:
Ashenzari

Annotations:
D:3 Sigmund


Innate Abilities, Weirdness & Mutations

You have a pair of horns on your head.
You reflexively headbutt those who attack you in melee.


Message History

a +0 dagger; a +0 chain mail; the goblin corpse of Ijyb Sigmund barely misses you.
A ball python comes into view.
The ball python hisses angrily.
You hit Sigmund but do no damage. Sigmund barely misses you.
You hit Sigmund but do no damage. Sigmund misses you.
You hit Sigmund. You punch Sigmund.
Sigmund is moderately wounded.
You barely miss Sigmund.
Sigmund is moderately wounded.
Sigmund hits you with a +1 scythe of venom!
You are poisoned.
You barely miss Sigmund.
Sigmund is moderately wounded.
You feel very sick.
Sigmund mumbles some strange words.
Sigmund flickers and vanishes!
Deactivating autopickup; reactivate with Ctrl-A.
You closely miss something.
You feel very sick. Something hits you but does no damage.
You hit something.
You feel very sick.
You hear some strange, mumbled words.
You are confused.
You are too confused!
You barely miss something.
You feel sick. Something hits you!
* * * LOW HITPOINT WARNING * * *
You are lethally poisoned!
You hit something.
* * * LOW HITPOINT WARNING * * *
You feel very sick.
Unknown command.
You bump into the rock wall.
* * * LOW HITPOINT WARNING * * *
You feel very sick. Something hits you but does no damage.
You are more poisoned.
You bump into the rock wall.
You die...

#........ ### ##........ . #
..# #.....~~.~ .. .##.#
#.##~~~~P~ ... ....
#.###~~~P♣ ....###.### #.#
##♣♣♣♣ ..........# #.# #♣♣
..........#########.######..
........)S{@................
..........##########÷÷......
##.#......# #.#####..
#......# #.# #.. ####.###
#.# #.. #.# #.# #.. #.# #.#
### #.# #.# ##.#######


You could see a ball python.

Vanquished Creatures
  Ijyb (D:3)
  2 adders (D:2)
  A worm (D:3)
  7 bats
  4 endoplasms (D:1)
  A giant cockroach (D:1)
  A goblin (D:1)
  5 hobgoblins
  2 jackals (D:3)
  2 quokkas (D:1)
  4 ball pythons
  4 frilled lizards
  6 kobolds
  4 rats
44 creatures vanquished.

Notes
Turn   | Place    | Note
-------+----------+-------------------------------------------
     0 | D:1      | kiwi3s the Minotaur Berserker began the quest for the Orb.
     0 | D:1      | Reached XP level 1. HP: 19/19 MP: 0/0
   153 | D:1      | Reached XP level 2. HP: 25/27 MP: 1/1
   301 | D:1      | Reached ** piety under Trog
   626 | D:2      | Reached XP level 3. HP: 33/33 MP: 2/2
   631 | D:2      | Identified the +7 spear of Dominance {heavy, Drain rPois
                  | rC+}
   740 | D:2      | Found a faded altar of an unknown god.
  1339 | D:3      | Found a broken altar of Ashenzari.
  1530 | D:3      | Noticed Ijyb
  1531 | D:3      | Paralysed by Ijyb for 2 turns
  1540 | D:3      | Paralysed by Ijyb for 2 turns
  1545 | D:3      | Paralysed by Ijyb for 5 turns
  1558 | D:3      | Killed Ijyb
  1559 | D:3      | Reached XP level 4. HP: 41/41 MP: 3/3
  1561 | D:3      | Noticed Sigmund
  1584 | D:3      | Succumbed to Sigmund's poison

Illustrated notes

Levels and vault maps discovered:
D:1:      elethiomel_arrival_shortcut, layout_basic, serial_glass,
          glass_columns_b, glass_columns_a, minmay_indecisive_spiral
D:2:      layout_rooms, hellmonk_ecumenical_altar_crossroads,
          guppyfry_early_lair_pool
D:3:      layout_basic, mainiacjoe_overflow_alcove_2,
          ebering_ghost_disaster_area, amcnicky_mini_pool_small,
          serial_bayou_ford_a, st_stairs_4, uniq_sigmund, uniq_ijyb

Skill      XL: |  1  2  3 |
---------------+----------+-----
Fighting       | 4 |  4.4
Axes           | 4 |  4.4
Armour         | 3 |  3.5
Dodging        | 3 |  3.1

Action                     |  1- 3 |  4- 6 || total
---------------------------+-------+-------++-------
  Melee: Hand axe          |   111 |     9 ||   120
         Headbutt          |    10 |       ||    10
         Punch             |       |     1 ||     1
 Armour: Animal skin       |     9 |       ||     9
         Scale mail        |    38 |     2 ||    40
  Dodge: Dodged            |    77 |     3 ||    80

Table legend: (Time is in decaauts)
 A = Elapsed time spent in this place.
 B = Non-inter-level travel time spent in this place.
 C = Inter-level travel time spent in this place.
 D = Time resting spent in this place.
 E = Time spent auto-exploring this place.
 F = Levels seen in this place.
 G = Mean time per level.
                   A        B        C        D        E       F      G
               +--------+--------+--------+--------+--------+-----+--------+
         Total |   1609 |   1530 |     79 |      0 |   1215 |   3 |  536.3 |
       Dungeon |   1609 |   1530 |     79 |      0 |   1215 |   3 |  536.3 |
               +--------+--------+--------+--------+--------+-----+--------+

Top non-repeatable levels by time:
     D:1: 623 daAuts
     D:2: 517 daAuts
     D:3: 468 daAuts
